 Dungeon Crawl Stone Soup version 0.20.0-10-g0535bb4 (webtiles) character file.

147 tilp the Firebug (level 5, -6/38 HPs)
             Began as a Hill Orc Fire Elementalist on June 5, 2017.
             Was an Initiate of Okawaru.
             Mangled by Sigmund
             ... wielding a +0 scythe
              (7 damage)
             ... on level 3 of the Dungeon.
             The game lasted 00:07:20 (3482 turns).

tilp the Firebug (Hill Orc Fire Elementalist)       Turns: 3482, Time: 00:07:20

Health: -6/38      AC:  2    Str: 11    XL:     5   Next: 29%
Magic:  0/9        EV: 12    Int: 16    God:    Okawaru [......]
Gold:   61         SH:  0    Dex: 11    Spells: 3/9 levels left

rFire    . . .     SeeInvis .   k - +1 dagger (venom)
rCold    . . .     Gourm    .   (no shield)
rNeg     . . .     Faith    .   a - +0 robe
rPois    .         Spirit   .   (no helmet)
rElec    .         Reflect  .   (no cloak)
rCorr    .         Harm     .   (no gloves)
MR       .....                  (no boots)
Stlth    ++........             (no amulet)
Regen    0.2/turn               (no ring)
MPRegen  0.2/turn               (no ring)

@: no status effects
A: no striking features
a: Renounce Religion, Convert to Beogh


You were on level 3 of the Dungeon.
You worshipped Okawaru.
Okawaru was noncommittal.
You were not hungry.

You visited 1 branch of the dungeon, and saw 3 of its levels.

You collected 61 gold pieces.

Inventory:

Hand Weapons
 e - a +0 short sword
 k - a +1 dagger of venom (weapon)
Armour
 a - a +0 robe (worn)
Scrolls
 d - a scroll of immolation {unknown}
 h - a scroll of fear {unknown}
 i - a scroll of blinking {unknown}
 j - a scroll of amnesia {unknown}
 m - a scroll of fog
 o - 2 scrolls of identify
 p - a scroll of teleportation {unknown}
 q - a scroll of enchant armour {unknown}
Potions
 g - 2 potions of curing {unknown}
Books
 b - a book of Flames

   Spells                             Type                      Level
   a - Flame Tongue                   Conjuration/Fire             1
   b - Throw Flame                    Conjuration/Fire             2
   c - Conjure Flame                  Conjuration/Fire             3
   d - Inner Flame                    Hexes/Fire                   3
   e - Sticky Flame                   Conjuration/Fire             4
   f - Fireball                       Conjuration/Fire             5
Comestibles
 f - 4 meat rations
 r - 3 fruits


   Skills:
 + Level 2.5 Short Blades
 - Level 1.5 Dodging
 - Level 1.5 Stealth
 * Level 2.7 Spellcasting
 - Level 1.0 Conjurations
 + Level 4.3 Fire Magic


You had 3 spell levels left.
You knew the following spells:

 Your Spells              Type           Power        Failure   Level  Hunger
a - Flame Tongue          Conj/Fire      ##...        6%          1    #......
b - Throw Flame           Conj/Fire      ##....       10%         2    ##.....
c - Conjure Flame         Conj/Fire      ##......     19%         3    ###....


Dungeon Overview and Level Annotations

Branches:
Dungeon (3/15)

Altars:
Elyvilon
Okawaru

Annotations:
D:3 Sigmund


Message History

Aim: an orc priest, wielding a falchion (severely wounded)
The flame tongue hits the orc priest.
The orc priest is almost dead.
The orc priest calls down the wrath of Beogh upon you.
Beogh smites you!
* * * LOW HITPOINT WARNING * * *
Sigmund shouts!
Your magical contamination has completely faded away.
You hear a shout!
The orc priest begins to cast a cantrip, but forgets the words!
As you read the scroll labeled ZIPLERGHITSIL, it crumbles to dust.
It is a scroll of identify.
m - 2 scrolls of fog The orc hits you but does no damage.
Sigmund casts a spell.
Sigmund flickers and vanishes!
As you read the scroll of fog, it crumbles to dust.
The scroll dissolves into smoke.
The orc completely misses you. Something hits you!
You die...

.########.>.. ####
............. ##..## ...?.....#
#....# .....##### ##.⌠._#
###...### #%)...# # #.#...##
####....## ###.###..###..{).§8#
.##.####......#oo§§##
...[..####....#§@§..#
.......%..)#o.##§§._#........#
.#..#.####.....#....#........#
#.)...!#.......##..##........##
#....#...###....#### #.........
.........g†.o....#####.......##
##.....####.........##.........
........###..######............
.....##............###..###


You could see an orc priest and an orc.

Vanquished Creatures
  An orc priest (D:3)
  3 gnolls (D:3)
  2 adders
  2 oozes
  A worm (D:2)
  A dart slug (D:2)
  3 leopard geckos
  3 orcs (D:3)
  2 ball pythons
  4 bats
  5 giant cockroaches
  5 goblins
  6 hobgoblins
  6 kobolds
  A quokka (D:3)
  5 frilled lizards
  3 rats
53 creatures vanquished.

Notes
Turn   | Place    | Note
-------+----------+-------------------------------------------
     0 | D:1      | tilp the Hill Orc Fire Elementalist began the quest for the Orb.
     0 | D:1      | Reached XP level 1. HP: 14/14 MP: 3/3
   373 | D:1      | Reached XP level 2. HP: 15/20 MP: 4/4
   377 | D:1      | Learned a level 2 spell: Throw Flame
  1211 | D:2      | Reached skill level 1 in Short Blades
  1211 | D:2      | Reached XP level 3. HP: 11/26 MP: 0/5
  1408 | D:2      | Reached skill level 4 in Fire Magic
  2367 | D:3      | Reached XP level 4. HP: 22/33 MP: 3/7
  2420 | D:3      | Learned a level 3 spell: Conjure Flame
  3135 | D:3      | Noticed Sigmund
  3252 | D:3      | Found a white marble altar of Elyvilon.
  3252 | D:3      | Found an iron altar of Okawaru.
  3282 | D:3      | Reached XP level 5. HP: 18/38 MP: 8/8
  3444 | D:3      | Became a worshipper of Warmaster Okawaru
  3479 | D:3      | HP: 1/38 [orc priest/divine providence (17)]
  3482 | D:3      | Mangled by Sigmund

Skill      XL: |  1  2  3  4 |
---------------+-------------+-----
Short Blades   | 1 2 |  2.5
Fire Magic     | 4 |  4.3
Spellcasting   | 2 |  2.7
Dodging        | |  1.5
Stealth        | |  1.5
Conjurations   | |  1.0

Action                   |  1- 3 |  4- 6 || total
-------------------------+-------+-------++-------
Melee: Short sword       |    44 |       ||    44
       Dagger            |    70 |    48 ||   118
 Cast: Flame Tongue      |     5 |    11 ||    16
       Throw Flame       |     5 |     3 ||     8
  Use: Scroll            |       |     2 ||     2
       Potion            |       |     2 ||     2
 Stab: Sleeping          |     1 |       ||     1
  Eat: Royal jelly       |     1 |       ||     1
       Bread ration      |     1 |     1 ||     2
       Chunk             |     1 |       ||     1
Armor: Robe              |    18 |    21 ||    39
Dodge: Dodged            |    61 |    42 ||   103
